[Event "*** Titled Tuesday Blitz"]
[Site "Chess.com"]
[Date "2020.05.19"]
[Round "6"]
[White "Mykola-Bortnyk"]
[Black "Tormoz"]
[Result "0-1"]
[WhiteElo "2866"]
[BlackElo "2689"]
[TimeControl "180+1"]
[EndTime "13:07:26 PDT"]
[Termination "Tormoz won by resignation"]

1. e4 e5 2. Nf3 Nf6 3. Nxe5 d6 4. Nf3 Nxe4 5. Bd3 Nf6 6. O-O Be7 7. Re1 O-O 8. c3 c5 9. h3 Nc6 10. Bc2 d5 11. d4 h6 12. Bf4 Be6 13. Nbd2 cxd4 14. cxd4 Qb6 15. Nb3 a5 16. Rc1 Bb4 17. Re2 a4 18. Nc5 Nxd4 19. Nxd4 Bxc5 20. Be5 Ne4 21.
Bxe4 dxe4 22. Rxe4 Rad8 23. Rc3 f6 24. Qe2 fxe5 25. Nxe6 Bxf2+ 26. Kh2 Qxe6 27. Rxe5 Qd6 28. g3 Bd4 0-1

[Event "*** Titled Tuesday Blitz"]
[Site "Chess.com"]
[Date "2020.05.19"]
[Round "6"]
[White "BernardoRoselli"]
[Black "joksijoksi"]
[Result "1-0"]
[WhiteElo "2461"]
[BlackElo "2322"]
[TimeControl "180+1"]
[EndTime "13:07:28 PDT"]
[Termination "BernardoRoselli won on time"]

1. e4 e6 2. d4 d5 3. Nc3 Bb4 4. e5 Qd7 5. a3 Bxc3+ 6. bxc3 b6 7. Qg4 f5 8. Qg3 Ba6 9. Bxa6 Nxa6 10. a4 Nb8 11. a5 Nc6 12. axb6 cxb6 13. Ne2 Qf7 14. O-O Nge7 15. Ba3 O-O 16. Nf4 Na5 17. h4 Rfc8 18.
h5 Rc4 19. Qg5 Nec6 20. h6 g6 21. Bb2 Qe7 22. Qg3 Kh8 23. Rfe1 Qf8 24. Qg5 Qe7 25.
Qxe7 Nxe7 26. Nxe6 Rac8 27. Ng5 Kg8 28. f3 f4 29. Nh3 Nf5 30. Nxf4 Rd8 31. e6 Nc6 32.
Ba3 1-0

[Event "*** Titled Tuesday Blitz"]
[Site "Chess.com"]
[Date "2020.05.19"]
[Round "6"]
[White "AleksanderHnydiuk"]
[Black "Feegus"]
[Result "1-0"]
[WhiteElo "2579"]
[BlackElo "2451"]
[TimeControl "180+1"]
[EndTime "13:07:29 PDT"]
[Termination "AleksanderHnydiuk won by resignation"]

1. Nf3 Nf6 2. c4 g6 3. g3 Bg7 4.
Bg2 O-O 5. d4 d5 6. cxd5 Nxd5 7.
O-O Nb6 8. Nc3 Nc6 9. d5 Na5 10.
e4 Nac4 11. Qc2 a5 12. b3 Ne5 13. Nxe5 Bxe5 14. Bh6 Re8 15. Rad1 a4 16. b4 Bg4 17. f3 Bd7 18. f4 Bh8 19. e5 Bf5 20. Be4 Bxe4 21.
Qxe4 a3 22. f5 Qb8 23. Ne2 c5 24. bxc5 Ra4 25. Rd4 Rxd4 26. Nxd4 Qxe5 27. Qxe5 Bxe5 28. Nf3 Bc7 29. cxb6 Bxb6+ 30. Kg2 gxf5 31. Rb1 Bc5 32. Rxb7 Rd8 33. Ne5 f6 34. Nd3 Rxd5 35. Rb8+ Kf7 36. Rf8+ Kg6 37. Nf4+ Kxh6 38. Nxd5 e6 39. Rxf6+ 1-0

[Event "*** Titled Tuesday Blitz"]
[Site "Chess.com"]
[Date "2020.05.19"]
[Round "6"]
[White "promen1999"]
[Black "Arjun2002"]
[Result "1-0"]
[WhiteElo "2888"]
[BlackElo "2675"]
[TimeControl "180+1"]
[EndTime "13:07:30 PDT"]
[Termination "promen1999 won by resignation"]

1. Nf3 d5 2. e3 Nf6 3. c4 c6 4. Nc3 e6 5. d4 Nbd7 6. Qc2 Bd6 7. Bd3 O-O 8. O-O dxc4 9. Bxc4 b5 10.
Be2 a6 11. e4 e5 12. Rd1 Qc7 13. g3 Re8 14. Bg5 exd4 15. Nxd4 Ne5 16. Bxf6 gxf6 17. Rac1 Bh3 18. Qd2 Rad8 19. Nd5 cxd5 20. Rxc7 Bxc7 21. Qh6 Bc8 22. Qxf6 dxe4 23. Nf5 Bxf5 24. Qxf5 Rxd1+ 25. Bxd1 Nd3 26. Bb3 Re7 27. Bd5 Nc5 28. Bxf7+ Rxf7 29. Qxc5 Bb8 30. Qg5+ 1-0

[Event "*** Titled Tuesday Blitz"]
[Site "Chess.com"]
[Date "2020.05.19"]
[Round "6"]
[White "RichardShtivelband"]
[Black "bait_or_mate"]
[Result "0-1"]
[WhiteElo "2290"]
[BlackElo "2460"]
[TimeControl "180+1"]
[EndTime "13:07:31 PDT"]
[Termination "bait_or_mate won by resignation"]

1. e4 c5 2. Nf3 e6 3. d4 cxd4 4. Nxd4 Nc6 5. Nc3 Qc7 6. Be2 a6 7. O-O Nf6 8. Be3 Bb4 9. Na4 O-O 10. c4 Nxe4 11. Bf3 f5 12. Bxe4 fxe4 13. c5 Ba5 14. a3 Qe5 15. Nxc6 bxc6 16. Bd4 Qf4 17. b4 Bc7 18. g3 Qf3 19. Re1 a5 20. Nb6 Bxb6 21.
cxb6 d6 22. bxa5 Rxa5 23. Qd2 Rxa3 24. Rxa3 Qxa3 25. Rxe4 e5 26. Be3 d5 27. Rh4 Bf5 28.
Qc1 Qxc1+ 29. Bxc1 d4 30. Ba3 d3 31. Kf1 Rd8 32. Ke1 d2+ 33. Kd1 Bc2+ 0-1

[Event "*** Titled Tuesday Blitz"]
[Site "Chess.com"]
[Date "2020.05.19"]
[Round "6"]
[White "JoakimVonAnd"]
[Black "Gennady_Kozlov"]
[Result "0-1"]
[WhiteElo "2457"]
[BlackElo "2591"]
[TimeControl "180+1"]
[EndTime "13:07:32 PDT"]
[Termination "Gennady_Kozlov won by resignation"]

1. d4 e6 2. c4 b6 3. Nc3 Bb7 4. e4 Bb4 5. Bd3 f5 6. exf5 Bxg2 7. Qh5+ Kf8 8. Nf3 Bxh1 9. Ng5 Qe8 10. Nxh7+ Ke7 11.
Qg5+ Nf6 12. Qxg7+ Qf7 13. Qxh8 Qxh7 14. Qc8 Qxh2 15. fxe6 dxe6 16. Bd2 Nbd7 17. Qa6 Qg1+ 18. Bf1 Bxc3 19. Bxc3 Bg2 20. c5 Qxf1+ 21. Qxf1 Bxf1 22. Kxf1 bxc5 23. dxc5 Ne4 24. Bb4 a5 25. Ba3 Ndf6 26. Re1 Nd2+ 27. Ke2 Nc4 0-1

[Event "*** Titled Tuesday Blitz"]
[Site "Chess.com"]
[Date "2020.05.19"]
[Round "6"]
[White "Quiet_Desperation"]
[Black "VladimirBugayev"]
[Result "1-0"]
[WhiteElo "2086"]
[BlackElo "2249"]
[TimeControl "180+1"]
[EndTime "13:07:32 PDT"]
[Termination "Quiet_Desperation won on time"]

1. e4 c6 2. Nf3 d5 3. Nc3 Bg4 4.
h3 Bxf3 5. Qxf3 e6 6. d4 dxe4 7. Nxe4 Qxd4 8. c3 Qd5 9. Be2 Nd7 10. O-O Ngf6 11. Nxf6+ gxf6 12. Qg3 O-O-O 13. Rd1 Qa5 14. b4 Qc7 15. Bf4 e5 16. Be3 Kb8 17. a4 Be7 18. Qf3 Rhg8 19. a5 Nf8 20. Rdb1 Ne6 21. b5 cxb5 22.
Bxb5 Bc5 23. Bc6 b6 24. axb6 Bxb6 25. Bxb6 Qxb6 26. Rxb6+ axb6 27. Ra8+ Kc7 28. Ra7+ Kb8 29. Rb7+ Kc8 30. Rxf7 1-0

[Event "*** Titled Tuesday Blitz"]
[Site "Chess.com"]
[Date "2020.05.19"]
[Round "6"]
[White "MasterKroket"]
[Black "HaryKane"]
[Result "1-0"]
[WhiteElo "2414"]
[BlackElo "2547"]
[TimeControl "180+1"]
[EndTime "13:07:36 PDT"]
[Termination "MasterKroket won by resignation"]

1. d4 e6 2. c4 f5 3. Nf3 Nf6 4. Nc3 Bb4 5. Qb3 Bxc3+ 6. Qxc3 O-O 7. Bg5 h6 8. Bxf6 Qxf6 9. h4 b6 10. e3 Bb7 11. Bd3 d6 12. h5 Nd7 13. Nh4 a5 14. f3 c5 15. O-O-O a4 16. Kb1 a3 17. b3 Rfe8 18. Bc2 d5 19. cxd5 Bxd5 20. e4 fxe4 21. fxe4 Bb7 22. e5 Qg5 23. Qd3 Nf8 24. Rdf1 Rad8 25. Rxf8+ Kxf8 26. Ng6+ Kg8 27. Rf1 Qf5 28. Rxf5 exf5 29. Qxf5 Rxd4 30. e6 1-0

[Event "*** Titled Tuesday Blitz"]
[Site "Chess.com"]
[Date "2020.05.19"]
[Round "6"]
[White "barbara25"]
[Black "Andrii_Prydun"]
[Result "0-1"]
[WhiteElo "2185"]
[BlackElo "2375"]
[TimeControl "180+1"]
[EndTime "13:07:37 PDT"]
[Termination "Andrii_Prydun won by resignation"]

1. e4 c6 2. d4 d5 3. f3 g6 4. Nc3 Bg7 5. Nge2 Na6 6. Be3 Nc7 7. Qd2 b6 8. O-O-O Bb7 9. h4 h5 10. g4 hxg4 11. fxg4 dxe4 12. h5 Nd5 13. Bg2 Nxe3 14. Qxe3 gxh5 15. Qxe4 Nf6 16. Qf5 hxg4 17. Rxh8+ Bxh8 18. Kb1 Qd7 19. Qf2 O-O-O 20. a3 Bg7 21. a4 Kb8 22. Ng3 e6 23. a5 Qc7 24. axb6 axb6 25.
Nge4 Nxe4 26. Nxe4 f5 27. Nc3 Qd6 28. Qe2 Bxd4 29.
Qc4 e5 30. Na4 b5 0-1

[Event "*** Titled Tuesday Blitz"]
[Site "Chess.com"]
[Date "2020.05.19"]
[Round "6"]
[White "AnkitGajwa"]
[Black "RobPeresian"]
[Result "1-0"]
[WhiteElo "2441"]
[BlackElo "2279"]
[TimeControl "180+1"]
[EndTime "13:07:38 PDT"]
[Termination "AnkitGajwa won by resignation"]

1. c4 c6 2. Nc3 d5 3. d4 Nf6 4.
Nf3 dxc4 5. a4 Bf5 6. Ne5 Nbd7 7. Nxc4 Qc7 8. f3 e5 9. e4 exd4 10. Qxd4 Bc5 11. Qd2 Be6 12. Qf4 Qxf4 13. Bxf4 O-O-O 14. Na5 Nb6 15. Rc1 Bb4 16. Nxc6 bxc6 17. Ba6+ Kd7 18. Ke2 Bc4+ 19. Bxc4 Nxc4 20. Na2 Bd2 21. Bxd2 Nxd2 22. Rhd1 Kc7 23. Rxd2 Rxd2+ 24. Kxd2 Kb6 25. b4 Rd8+ 26. Ke3 a5 27. bxa5+ Kxa5 28. Rxc6 Kxa4 29.
Rc7 Rd7 30. Nc3+ Kb4 31. Rxd7 Nxd7 32. Kd4 Ka5 33. Kd5 Kb4 34. Kd6 Nf8 35. Nd5+ Kc4 36. Nf4 g5 37. Ke7 1-0

[Event "*** Titled Tuesday Blitz"]
[Site "Chess.com"]
[Date "2020.05.19"]
[Round "6"]
[White "TheBigBadChessDad"]
[Black "larisakalinina"]
[Result "1-0"]
[WhiteElo "2255"]
[BlackElo "2018"]
[TimeControl "180+1"]
[EndTime "13:07:38 PDT"]
[Termination "TheBigBadChessDad won by resignation"]

1. d4 c5 2. c3 Nf6 3. Nf3 cxd4 4. cxd4 g6 5. Nc3 d5 6. Bg5 Bg7 7. Bxf6 Bxf6 8. e3 O-O 9. Bd3 Nc6 10. h3 a6 11. Rc1 e5 12. dxe5 Nxe5 13. O-O Be6 14. Nd4 Nxd3 15. Qxd3 Qd7 16. Nce2 Rac8 17. Nf4 Bg7 18.
Rfd1 Rxc1 19. Rxc1 Rc8 20. Rxc8+ Qxc8 21. b3 Bxd4 22.
Qxd4 Qc1+ 23. Kh2 Qc2 24. Nxe6 fxe6 25. Qf6 Qf5 26. Qxf5 exf5 27. Kg3 g5 28. h4 h6 29. hxg5 hxg5 30. f4 g4 31. Kh4 Kf7 32. Kg5 Ke6 33.
g3 b6 34. b4 a5 35. bxa5 bxa5 36. a4 d4 37. exd4 Kd5 38. Kxf5 Kxd4 39. Kxg4 Kc4 40.
f5 Kb4 41. f6 Kxa4 42. f7 1-0

[Event "*** Titled Tuesday Blitz"]
[Site "Chess.com"]
[Date "2020.05.19"]
[Round "6"]
[White "Last7Samurai"]
[Black "2L8IWUN"]
[Result "1-0"]
[WhiteElo "2817"]
[BlackElo "2536"]
[TimeControl "180+1"]
[EndTime "13:07:39 PDT"]
[Termination "Last7Samurai won by resignation"]

1. e4 c5 2. c3 d5 3. exd5 Nf6 4. d4 Nxd5 5. Nf3 e6 6. Bd3 cxd4 7. cxd4 Bb4+ 8.
Bd2 Bxd2+ 9. Qxd2 Nc6 10. O-O O-O 11. Nc3 Nce7 12. Ne4 h6 13. Rac1 b6 14. Ne5 Bb7 15.
Bb1 Rc8 16. a3 Nf5 17. Rxc8 Qxc8 18. Rc1 Qa8 19. Ng3 Nxg3 20. hxg3 Rc8 21. Re1 Nf6 22. f3 Ba6 23. Ba2 Nd5 24. g4 Qb7 25. g5 hxg5 26.
Qxg5 Qe7 27. Qg4 Nf6 28. Qh3 Rc2 29. Nxf7 Rxb2 30. Bxe6 Re2 31. Rxe2 Bxe2 32. Ng5+ Kf8 33. Qh8+ 1-0

[Event "*** Titled Tuesday Blitz"]
[Site "Chess.com"]
[Date "2020.05.19"]
[Round "6"]
[White "GlennTipton"]
[Black "BeanScreen"]
[Result "1-0"]
[WhiteElo "2491"]
[BlackElo "2609"]
[TimeControl "180+1"]
[EndTime "13:07:40 PDT"]
[Termination "GlennTipton won by resignation"]

1. e4 e5 2. Nf3 Nc6 3. Bc4 Nf6 4.
Ng5 d5 5. exd5 Na5 6. Bb5+ c6 7. dxc6 bxc6 8. Bd3 Be7 9. Ne4 Nd5 10. O-O O-O 11. Be2 f5 12. Nec3 Nf4 13. d4 Nxe2+ 14. Nxe2 e4 15.
Nbc3 Nc4 16. b3 Nb6 17. Bf4 Nd5 18. Nxd5 cxd5 19. Be5 Bd6 20. f4 exf3 21. Rxf3 Ba6 22. Nf4 Bxe5 23. dxe5 Qb6+ 24. Kh1 d4 25. Nd5 Qc5 26.
c4 Rae8 27. Qe1 Re6 28. Qg3 Bb7 29. Nf6+ Kf7 30. Nd7 Qe7 31. Rxf5+ Ke8 32. Nxf8 Rh6 33. e6 Be4 34. Qb8+ 1-0

[Event "*** Titled Tuesday Blitz"]
[Site "Chess.com"]
[Date "2020.05.19"]
[Round "6"]
[White "IAgrest"]
[Black "Shuvalov"]
[Result "0-1"]
[WhiteElo "2248"]
[BlackElo "2419"]
[TimeControl "180+1"]
[EndTime "13:07:41 PDT"]
[Termination "Shuvalov won by resignation"]

1. e4 e6 2. d4 d5 3. Nc3 Bb4 4. a3 Bxc3+ 5. bxc3 dxe4 6. Qg4 Nf6 7. Qxg7 Rg8 8. Qh6 Nbd7 9. Ne2 Qe7 10. Ng3 b6 11. a4 Bb7 12. a5 O-O-O 13. axb6 axb6 14. Bb5 Rg6 15. Qd2 h5 16. Ba3 c5 17. O-O-O h4 18.
Ne2 Rxg2 19. Nf4 e3 20. Qxe3 Ng4 21. Qe2 Qg5 22. Qd2 Rxf2 23. Nh3 Qxd2+ 24. Rxd2 Rxd2 25.
Rg1 Rxh2 0-1

[Event "*** Titled Tuesday Blitz"]
[Site "Chess.com"]
[Date "2020.05.19"]
[Round "6"]
[White "51616516516"]
[Black "Ashedu66"]
[Result "1-0"]
[WhiteElo "2332"]
[BlackElo "2135"]
[TimeControl "180+1"]
[EndTime "13:07:42 PDT"]
[Termination "51616516516 won by resignation"]

1. Nf3 d5 2. c4 e6 3. d4 Nf6 4. Nc3 c6 5. Bg5 Nbd7 6. e3 Qa5 7. cxd5 Nxd5 8. Qd2 c5 9. Bd3 cxd4 10. exd4 Bb4 11.
Rc1 O-O 12. O-O N7f6 13. Ne5 Rd8 14. a3 Bxc3 15. bxc3 Bd7 16. Qb2 Qb6 17. Qe2 h6 18. Bh4 Nf4 19. Qf3 Nxd3 20. Qxd3 g5 21. Bg3 Bb5 22. c4 Rxd4 23. Qf3 Bc6 24. Qxf6 Be8 25. c5 Qc7 26. Ng6 1-0

[Event "*** Titled Tuesday Blitz"]
[Site "Chess.com"]
[Date "2020.05.19"]
[Round "6"]
[White "NefeLV"]
[Black "archess2"]
[Result "0-1"]
[WhiteElo "1827"]
[BlackElo "2280"]
[TimeControl "180+1"]
[EndTime "13:07:45 PDT"]
[Termination "archess2 won by resignation"]

1. c4 c6 2. d4 d5 3. e3 Nf6 4.
Nc3 Bg4 5. Nf3 e6 6. Qb3 Qb6 7. Ne5 Bf5 8. c5 Qc7 9. Be2 b6 10. cxb6 axb6 11. g4 Be4 12. f3 Bg6 13. h4 h5 14. g5 Nfd7 15. Nxg6 Qg3+ 16. Kd2 fxg6 17. Qc2 Kf7 18. Kd3 c5 19. b3 Nc6 20. Kd2 cxd4 21. exd4 Nxd4 22. Qd3 Nxe2 23. Nxe2 Qe5 24.
Qd4 Qxd4+ 25. Nxd4 e5 26. Nb5 Bb4+ 27. Ke2 Nc5 28. Bb2 d4 29. Nd6+ Ke6 30. Nc4 b5 31.
Nd2 Rhf8 32. a3 Bxd2 33. Kxd2 Nxb3+ 34. Ke2 Nxa1 35. Rxa1 b4 36. axb4 Rxa1 37. Bxa1 Ra8 38. Kd3 Rxa1 0-1

[Event "*** Titled Tuesday Blitz"]
[Site "Chess.com"]
[Date "2020.05.19"]
[Round "6"]
[White "floplover"]
[Black "IMJonathanCarlstedt"]
[Result "0-1"]
[WhiteElo "2309"]
[BlackElo "2461"]
[TimeControl "180+1"]
[EndTime "13:07:46 PDT"]
[Termination "IMJonathanCarlstedt won by checkmate"]

1. d4 g6 2. c4 Bg7 3. Nf3 d6 4. Nc3 Bg4 5. e3 Nc6 6. Be2 e5 7. d5 Nce7 8. O-O Bxf3 9. Bxf3 f5 10. e4 Nf6 11. b4 a5 12. Ba3 b6 13. bxa5 Rxa5 14.
Bb4 Ra8 15. a4 O-O 16. a5 bxa5 17. Rxa5 c5 18. dxc6 Rxa5 19. Bxa5 Qxa5 20. Qxd6 Nxc6 21. Nd5 Nd4 22. Rb1 fxe4 23. Nxf6+ Rxf6 24. Rb8+ Rf8 25. Bxe4 Qe1# 0-1

[Event "*** Titled Tuesday Blitz"]
[Site "Chess.com"]
[Date "2020.05.19"]
[Round "6"]
[White "Andreikka"]
[Black "ChessBitl"]
[Result "1-0"]
[WhiteElo "2945"]
[BlackElo "2348"]
[TimeControl "180+1"]
[EndTime "13:07:47 PDT"]
[Termination "Andreikka won by resignation"]

1. c4 e5 2. Nc3 f5 3. g3 Nf6 4. d4 d6 5. Bh3 Nc6 6. Nf3 Be7 7. d5 Nb8 8. e4 fxe4 9. Bxc8 Qxc8 10. Ng5 O-O 11. O-O Na6 12. Ngxe4 Nxe4 13. Nxe4 Nc5 14.
Nxc5 dxc5 15. Qd3 Qg4 16. Re1 Bd6 17. Qe4 Qxe4 18. Rxe4 Rf5 19. Be3 Raf8 20. Kg2 g6 21.
a3 b6 22. b4 cxb4 23. axb4 Bxb4 24. Rxa7 Bd6 25. Kf1 Kg7 26. Ke2 Rb8 27. f4 exf4 28. Bxf4 Bxf4 29. Rxf4 Rxf4 30. gxf4 Rc8 31. d6 Kf6 32.
Rxc7 Rd8 33. Rc6 Kf5 34. Rxb6 Rc8 35. d7 Rd8 36. Rd6 Kxf4 37. c5 Ke5 38. h4 h6 39.
Kf3 g5 40. hxg5 hxg5 41. Kg4 1-0

[Event "*** Titled Tuesday Blitz"]
[Site "Chess.com"]
[Date "2020.05.19"]
[Round "6"]
[White "MariaFominykh"]
[Black "grandcoach"]
[Result "0-1"]
[WhiteElo "2338"]
[BlackElo "2089"]
[TimeControl "180+1"]
[EndTime "13:07:47 PDT"]
[Termination "grandcoach won by resignation"]

1. d4 Nf6 2. Nf3 d5 3. c4 e6 4. Nc3 c5 5. cxd5 Nxd5 6. e4 Nxc3 7. bxc3 Nc6 8. Be2 cxd4 9. cxd4 Bb4+ 10. Bd2 Bxd2+ 11.
Qxd2 O-O 12. O-O b6 13. Rac1 Bb7 14. Rfd1 Rc8 15. h3 Qd6 16. Qb2 Rfd8 17. d5 exd5 18. Rxd5 Qe7 19. Rxd8+ Rxd8 20. Bc4 Na5 21. Bd5 Bxd5 22.
exd5 Rxd5 23. Rc8+ Rd8 24. Qe5 Qd7 25. Rc7 Qd1+ 26.
Kh2 h6 27. Qe7 Qd5 28. Rxa7 Nc6 29. Qb7 Nxa7 30. Qxa7 b5 31. Qe3 Qxa2 32. Qc5 Qd5 0-1

[Event "*** Titled Tuesday Blitz"]
[Site "Chess.com"]
[Date "2020.05.19"]
[Round "6"]
[White "Konek-Gorbunok"]
[Black "WhiteCapital80"]
[Result "0-1"]
[WhiteElo "2279"]
[BlackElo "2442"]
[TimeControl "180+1"]
[EndTime "13:07:49 PDT"]
[Termination "WhiteCapital80 won by resignation"]

1. d4 e6 2. Nf3 Nf6 3. g3 d5 4. Bg2 Be7 5. O-O O-O 6. c4 dxc4 7.
Ne5 Nc6 8. Bxc6 bxc6 9. Nxc6 Qe8 10. Nxe7+ Qxe7 11. Qa4 e5 12. d5 Nxd5 13. Qxc4 Rd8 14. e4 Nb4 15. a3 Ba6 16. Qxb4 Qxb4 17. axb4 Bxf1 18. Nc3 Bh3 19. Be3 c6 20. f3 Be6 21.
Ra6 Rdb8 22. Bc5 Bd7 23. Kf2 f6 24. Ke3 Kf7 25. Nb1 Rc8 26. Nd2 Be6 27. Kd3 Rd8+ 28.
Kc3 Rd7 29. Rxc6 Rad8 30. Nb3 Rd3+ 0-1

[Event "*** Titled Tuesday Blitz"]
[Site "Chess.com"]
[Date "2020.05.19"]
[Round "6"]
[White "Camels1981"]
[Black "DenisQ"]
[Result "0-1"]
[WhiteElo "2345"]
[BlackElo "2556"]
[TimeControl "180+1"]
[EndTime "13:07:54 PDT"]
[Termination "DenisQ won by resignation"]

1. e4 e6 2. d4 d5 3. Nc3 dxe4 4.
Nxe4 Bd7 5. Nf3 Bc6 6. Ng3 Nd7 7. Bd3 Ngf6 8. O-O Be7 9. b3 O-O 10. Bb2 b6 11. c4 Bb7 12. Qe2 c5 13. Rfd1 cxd4 14.
Nxd4 Qc7 15. Nb5 Qf4 16. Rac1 Rfd8 17. f3 a6 18. Nd4 Nc5 19. Bb1 Rd7 20. Nc2 Rad8 21.
Ne3 h5 22. Rxd7 Rxd7 23. Rd1 h4 24. Ngf1 h3 25. Rxd7 Ncxd7 26. g4 Bxf3 27. Qf2 Nxg4 28. Nxg4 Qxg4+ 29. Ng3 Bc5 0-1

[Event "*** Titled Tuesday Blitz"]
[Site "Chess.com"]
[Date "2020.05.19"]
[Round "6"]
[White "Azatic"]
[Black "Quaternitychess"]
[Result "0-1"]
[WhiteElo "2620"]
[BlackElo "2800"]
[TimeControl "180+1"]
[EndTime "13:07:57 PDT"]
[Termination "Quaternitychess won on time"]

1. e4 d6 2. d4 Nf6 3. Nc3 Nbd7 4.
Nge2 e5 5. f3 Be7 6. Be3 O-O 7. g4 c6 8. Qd2 b5 9. Ng3 b4 10. Nce2 d5 11. g5 Ne8 12. O-O-O Qa5 13. Kb1 Nb6 14. b3 Nc4 15. bxc4 dxc4 16. Qe1 c3 17. Bc1 Nd6 18. Rd3 Rb8 19. h4 Rb6 20. Bh3 Bxh3 21. Rxh3 Rfb8 22. Ka1 Nc4 23. Nf5 Ra6 24.
Nxe7+ Kf8 25. Nxc3 bxc3 26. Ng6+ hxg6 27. a3 Qxa3+ 0-1

[Event "*** Titled Tuesday Blitz"]
[Site "Chess.com"]
[Date "2020.05.19"]
[Round "6"]
[White "IMTominho"]
[Black "FMJoseHerrera"]
[Result "1-0"]
[WhiteElo "2834"]
[BlackElo "2649"]
[TimeControl "180+1"]
[EndTime "13:07:58 PDT"]
[Termination "IMTominho won on time"]

1. d4 Nf6 2. Bg5 Ne4 3. Bf4 c5 4. d5 Qa5+ 5. c3 d6 6. Nd2 Nf6 7. e4 g6 8. h3 Bg7 9. Ngf3 O-O 10. Bd3 b5 11. O-O Ba6 12. Re1 b4 13. c4 Nbd7 14. e5 Nxd5 15. Nb3 Qb6 16. cxd5 c4 17. exd6 exd6 18. Rc1 cxd3 19. Rc6 Qb5 20. Rxd6 Nb6 21.
Nfd4 Qc4 22. Qd2 Nxd5 23. Rc1 Nxf4 24. Rxc4 Bxc4 25. Qxf4 Rae8 26. Nc6 Bb5 27. Qd2 Re2 28.
Qxb4 Bxc6 29. Rxc6 Rd8 30. Qa5 Rde8 31. Qd5 Re1+ 32.
Kh2 R8e2 33. Rc8+ Bf8 34. Qd6 Re7 35. Qxd3 Kg7 36. Qc3+ f6 37. Rc7 Kh6 38. Rxe7 Rxe7 39. Nd4 Re5 40. g3 Bc5 41. Nf3 Rf5 42. Kg2 Bb6 43.
b4 Rc5 44. bxc5 1-0

[Event "*** Titled Tuesday Blitz"]
[Site "Chess.com"]
[Date "2020.05.19"]
[Round "6"]
[White "yarosavich"]
[Black "nabukatnezarr"]
[Result "0-1"]
[WhiteElo "2669"]
[BlackElo "2523"]
[TimeControl "180+1"]
[EndTime "13:07:58 PDT"]
[Termination "nabukatnezarr won by resignation"]

1. d4 e6 2. c4 Nf6 3. Nf3 c5 4. d5 d6 5. Nc3 exd5 6. cxd5 g6 7.
h3 Qe7 8. Bf4 Bg7 9. Nd2 O-O 10.
Nc4 Ne8 11. e3 Nd7 12. Be2 Ne5 13. O-O Nxc4 14. Bxc4 Bd7 15. a4 f5 16. a5 a6 17.
Qb3 Rb8 18. Bxa6 g5 19. Bh2 f4 20. Rae1 f3 21. Bg3 h5 22. Bxb7 h4 23. a6 fxg2 24.
Kxg2 hxg3 25. a7 Rxb7 26. a8=Q Rxb3 27. fxg3 Rxb2+ 28. Kg1 0-1

[Event "*** Titled Tuesday Blitz"]
[Site "Chess.com"]
[Date "2020.05.19"]
[Round "6"]
[White "Alopekos"]
[Black "Oneofmyturns"]
[Result "1-0"]
[WhiteElo "2479"]
[BlackElo "2599"]
[TimeControl "180+1"]
[EndTime "13:07:58 PDT"]
[Termination "Alopekos won on time"]

1. e4 e5 2. Nf3 Nc6 3. Bb5 a6 4. Ba4 Nf6 5. O-O b5 6. Bb3 Bc5 7. a4 Rb8 8. Nxe5 Nxe5 9. d4 Bxd4 10. Qxd4 d6 11. f4 Nc6 12. Qc3 Ne7 13. Qd3 O-O 14.
Nc3 c5 15. axb5 axb5 16. Nxb5 Nxe4 17. Qxe4 Rxb5 18. Ra7 Nf5 19. Rxf7 Rxf7 20. Bxf7+ Kf8 21. Bc4 d5 22. Bxd5 Rb6 23. b3 Rh6 24. Ba3 Qd6 25. Re1 Bd7 26. Qc4 1-0

[Event "*** Titled Tuesday Blitz"]
[Site "Chess.com"]
[Date "2020.05.19"]
[Round "6"]
[White "vinniethepooh"]
[Black "ZverevLev"]
[Result "0-1"]
[WhiteElo "2532"]
[BlackElo "2195"]
[TimeControl "180+1"]
[EndTime "13:08:01 PDT"]
[Termination "ZverevLev won by resignation"]

1. d4 Nf6 2. c4 e6 3. Nc3 Bb4 4. f3 c5 5. d5 b5 6. e4 O-O 7. e5 Ne8 8. f4 d6 9. Nf3 Bb7 10. Bd3 h6 11. O-O bxc4 12. Bxc4 Bxc3 13. bxc3 exd5 14.
Bxd5 Bxd5 15. Qxd5 Nd7 16. Rd1 Rc8 17. exd6 Nef6 18.
Qf5 Qb6 19. Ne5 Rcd8 20. Be3 Nb8 21. Rd2 Qa6 22. Rad1 Nbd7 23. g4 Qa4 24. g5 Nxe5 25.
fxe5 Ne4 26. Rg2 Qxd1+ 27. Qf1 Qxf1+ 28. Kxf1 hxg5 29. Bxg5 Nxg5 30. Rxg5 f6 31. exf6 Rxf6+ 32. Kg2 Rdxd6 33. Rxc5 Rc6 34. Ra5 Rxc3 35. Rxa7 Rc2+ 36.
Kg3 Rg6+ 37. Kf3 Rxh2 38. a4 Rhh6 39. Rb7 Ra6 0-1

[Event "*** Titled Tuesday Blitz"]
[Site "Chess.com"]
[Date "2020.05.19"]
[Round "6"]
[White "Chessmasterzt"]
[Black "mrkvoz"]
[Result "0-1"]
[WhiteElo "2594"]
[BlackElo "2815"]
[TimeControl "180+1"]
[EndTime "13:08:02 PDT"]
[Termination "mrkvoz won by checkmate"]

1. d4 d6 2. Nf3 Nf6 3. c4 g6 4. g3 Bg7 5. Bg2 c6 6. O-O O-O 7. b3 Qa5 8. Bb2 Qh5 9. Re1 Bh3 10. Bh1 Nbd7 11. e4 e5 12. dxe5 dxe5 13. b4 a5 14.
a3 Rad8 15. Qb3 Ng4 16. c5 Kh8 17. Nbd2 f5 18. Nc4 axb4 19. axb4 fxe4 20. Rxe4 Ndf6 21. Ree1 e4 22. Nfe5 Bf1 23. Kxf1 Qxh2 24. Bg2 Nxf2 25. Nd6 Rxd6 26. cxd6 Nd5 27. Nf3 exf3 28. Bxg7+ Kxg7 29. Bxf3 Nh3 30. Re2 Qg1# 0-1

[Event "*** Titled Tuesday Blitz"]
[Site "Chess.com"]
[Date "2020.05.19"]
[Round "6"]
[White "TigranMukhutdinov"]
[Black "manitodeplomo"]
[Result "1-0"]
[WhiteElo "2478"]
[BlackElo "2596"]
[TimeControl "180+1"]
[EndTime "13:08:06 PDT"]
[Termination "TigranMukhutdinov won by resignation"]

1. Nf3 h6 2. g3 e6 3. Bg2 g5 4.
d4 Bg7 5. h4 g4 6. Ne5 h5 7.
Bg5 f6 8. Qd3 Ne7 9. Ng6 Nxg6 10. Qxg6+ Kf8 11. Bf4 Nc6 12. c3 d6 13. Qc2 e5 14.
Be3 Ne7 15. O-O Nf5 16. dxe5 Nxe3 17. fxe3 dxe5 18. c4 c6 19. Nc3 Be6 20. Ne4 Kg8 21. Rad1 Qe7 22. Nd6 Bh6 23. Qg6+ Bg7 24. Nf5 Bxf5 25. Qxf5 Rd8 26. Be4 Rh6 27. Rd3 Bf8 28. Rfd1 Rxd3 29. Rxd3 Qc5 30. Qe6+ Kh8 31. Rd8 Qxe3+ 32.
Kh2 Qc5 33. Qf7 1-0

[Event "*** Titled Tuesday Blitz"]
[Site "Chess.com"]
[Date "2020.05.19"]
[Round "6"]
[White "colonelcassad"]
[Black "ChocolateRoses"]
[Result "0-1"]
[WhiteElo "2403"]
[BlackElo "2274"]
[TimeControl "180+1"]
[EndTime "13:08:06 PDT"]
[Termination "ChocolateRoses won by resignation"]

1. d4 d5 2. Nf3 c5 3. c3 Nf6 4. Bf4 Nc6 5. e3 Qb6 6. Qb3 c4 7.
Qxb6 axb6 8. Nbd2 b5 9. Ne5 Bf5 10. f3 h5 11. Rg1 e6 12. g4 hxg4 13. fxg4 Nxe5 14. gxf5 Neg4 15. fxe6 fxe6 16. Be2 Nh6 17. Bf3 Nf5 18. e4 Nh4 19. Bh1 O-O-O 20. Bg5 Re8 21. O-O-O b4 22. exd5 exd5 23. Bxf6 gxf6 24. Bxd5 bxc3 25.
bxc3 Ba3+ 26. Kb1 Re2 27. Nxc4 Bf8 28. h3 Nf5 29. Rge1 Ng3 30. Rxe2 Nxe2 31. Kb2 Kc7 32. Re1 Nf4 33. Be6 Nd3+ 34. Kb3 Nxe1 35. d5 Nd3 36.
Kc2 Nf4 37. Bf5 Nxd5 38. Nd2 Ne3+ 0-1

[Event "*** Titled Tuesday Blitz"]
[Site "Chess.com"]
[Date "2020.05.19"]
[Round "6"]
[White "Kaua18"]
[Black "szefru"]
[Result "0-1"]
[WhiteElo "2302"]
[BlackElo "2158"]
[TimeControl "180+1"]
[EndTime "13:08:07 PDT"]
[Termination "szefru won by resignation"]

1. e4 Nf6 2. Nc3 d5 3. exd5 Nxd5 4. Nf3 g6 5. Bc4 c6 6. O-O Bg7 7. Re1 O-O 8. h3 h6 9. Nxd5 cxd5 10. Bb3 Nc6 11.
d4 Qb6 12. c3 e6 13. Bc2 Bd7 14. h4 Rfe8 15. h5 g5 16. Qd3 f5 17. b4 Nd8 18. a4 Rc8 19. b5 Nf7 20. Ba3 Qc7 21. Bb4 Nd6 22. Bxd6 Qxd6 23. Bb3 Rc7 24. c4 g4 25. c5 Qf4 26. Ne5 Bxe5 27. Rxe5 Rxc5 28. g3 Rc1+ 29. Rxc1 Qxc1+ 30. Kg2 Qg5 31. Qe2 Qxh5 32. a5 Rc8 33. Qd3 Rc1 34. Bd1 Qh3+ 35. Kg1 Bxb5 36.
Qd2 Bf1 0-1